 Dungeon Crawl Stone Soup version 0.31-a0-204-g7da18cac08 (webtiles) character file.

Game seed: 13800943488815046377

728 Arzdou the Skirmisher (level 7, -6/58 (61) HPs)
             Began as a Minotaur Hunter on June 26, 2023.
             Mangled by an orc
             ... wielding a +0 flail
              (7 damage)
             ... on level 5 of the Dungeon on June 27, 2023.
             The game lasted 00:07:50 (3478 turns).

Arzdou the Skirmisher (Minotaur Hunter)             Turns: 3478, Time: 00:07:50

HP:   -6/58 (61)    AC:  9    Str: 15    XL:     7   Next: 44%
MP:   6/6           EV: 10    Int:  6    God:
Gold: 241           SH:  0    Dex: 16    Spells: 6/6 levels left

rFire   . . .        b - +0 dagger (flame)
rCold   . . .        (no shield)
rNeg    . . .        j - +0 scale mail
rPois   .            e - +0 hat
rElec   .            (no cloak)
rCorr   .            (no gloves)
SInv    +            q - +1 pair of boots
Will    .....        (no amulet) Stlth
                     k - ring of see invisible
HPRegen 0.29/turn    (no ring)
MPRegen 0.10/turn

%: no passive effects
@: about to teleport, lightly drained
A: horns 2, retaliatory headbutt
a: no special abilities


You were on level 5 of the Dungeon.
You visited 1 branch of the dungeon, and saw 5 of its levels.

You collected 241 gold pieces.

Inventory:

Hand Weapons
 a - a +0 shortbow
 b - a +0 dagger of flaming (weapon)
 w - a +0 short sword
Missiles
 d - 6 curare-tipped darts
 x - 6 poisoned darts
 z - a throwing net
Armour
 c - a +0 leather armour
 e - a +0 hat (worn)
 j - a +0 scale mail (worn)
 q - a +1 pair of boots (worn)
Jewellery
 k - a ring of see invisible (left hand)
 t - an amulet of magic regeneration
Wands
 C - a wand of quicksilver (7)
Scrolls
 g - a scroll of acquirement {unknown}
 h - a scroll of silence {unknown}
 i - a scroll of teleportation
 l - a scroll of amnesia {unknown}
 m - a scroll of poison {unknown}
 o - a scroll of butterflies
 p - a scroll of enchant armour
 r - a scroll of fear {unknown}
 u - a scroll of blinking {unknown}
 y - a scroll of vulnerability {unknown}
 B - a scroll of fog {unknown}
Potions
 f - a potion of mutation {unknown}
 n - 2 potions of ambrosia {unknown}
 v - a potion of magic
 A - a potion of haste {unknown}


   Skills:
 + Level 5.2 Fighting
 - Level 8.0 Ranged Weapons
 + Level 4.3 Armour
 - Level 2.2 Dodging
 - Level 0.8 Stealth


You had 6 spell levels left.
You didn't know any spells.
Your spell library was empty.

Dungeon Overview and Level Annotations

Branches:
Dungeon (5/15)
 Temple: D:4-7

Altars:
Xom

Annotations:
D:5 Ijyb


Innate Abilities, Weirdness & Mutations

You have a pair of horns on your head.
You reflexively headbutt those who attack you in melee.


Message History

The orc wizard closely misses you. The orc hits you with a +0 hand axe.
The orc wizard hits you but does no damage.
The orc completely misses you.
The orc wizard hits you with a +0 dagger of draining.
You feel drained.
You are too confused!
You hit the hound. You burn the hound. You headbutt the hound.
The hound is almost dead.
The hound bites you.
* * * LOW HITPOINT WARNING * * *
The orc wizard points at you and mumbles some strange words.
You resist with some effort. The orc hits you but does no damage.
The orc hits you with a +0 flail.
* * * LOW HITPOINT WARNING * * *
The orc wizard hits you with a +0 dagger.
* * * LOW HITPOINT WARNING * * *
The orc hits you with a +0 mace.
* * * LOW HITPOINT WARNING * * *
The orc wizard hits you with a +0 dagger.
* * * LOW HITPOINT WARNING * * *
The hound bites you but does no damage.
You feel better. The hound barely misses you.
The orc wizard points at you and mumbles some strange words.
The magic dart hits you.
* * * LOW HITPOINT WARNING * * *
The orc hits you with a +0 flail.
* * * LOW HITPOINT WARNING * * *
The orc hits you but does no damage.
The orc wizard points at you and mumbles some strange words.
The puff of flame hits you.
* * * LOW HITPOINT WARNING * * *
The orc wizard casts a spell at you. The magic dart hits you!
* * * LOW HITPOINT WARNING * * *
The orc closely misses you.
As you read the scroll of teleportation, it crumbles to dust.
You feel strangely unstable. The hound barely misses you.
The orc wizard hits you but does no damage.
You feel drained. The orc barely misses you. The orc hits you with a +0 flail!
You die...

###.>###.##
.......#..#
..........#
..........##
.....(.....######
.......<...##...##
.#.......g.......#
#......ooo....###
...>....o@hw....##
.........oo......#
........#........#
.......##..##....#
...#..###.##....##
.... #.......##
... .......†).# ..
.......)....#
..............


You could see Ijyb, a hound, 3 orc wizards, a dart slug and 3 orcs.

Vanquished Creatures
  Eustachio (D:4)
  2 phantoms (D:4)
  A sleepcap (D:4)
  3 orc priests
  2 hounds (D:4)
  An iguana (D:4)
  2 orc wizards (D:3)
  5 gnolls
  4 adders
  A dart slug (D:1)
  7 orcs
  9 endoplasms
  5 giant cockroaches
  6 goblins
  14 hobgoblins
  12 jackals
  2 quokkas
  10 ball pythons
  6 bats
  3 frilled lizards
  7 kobolds
  7 rats
110 creatures vanquished.

Notes
Turn   | Place    | Note
-------+----------+-------------------------------------------
     0 | D:1      | Arzdou the Minotaur Hunter began the quest for the Orb.
     0 | D:1      | Reached XP level 1. HP: 18/18 MP: 0/0
   174 | D:1      | Reached XP level 2. HP: 25/25 MP: 1/1
   213 | D:1      | Reached skill level 5 in Ranged Weapons
   434 | D:1      | Found a faded altar of an unknown god.
   698 | D:1      | Reached XP level 3. HP: 30/30 MP: 2/2
  1111 | D:2      | Reached skill level 6 in Ranged Weapons
  1119 | D:2      | Reached XP level 4. HP: 15/37 MP: 3/3
  1542 | D:2      | Upgraded the game from 0.31-a0-202-g547052bce9 to
                  | 0.31-a0-204-g7da18cac08
  1637 | D:2      | Found a shimmering altar of Xom.
  2012 | D:3      | Reached skill level 7 in Ranged Weapons
  2012 | D:3      | Reached XP level 5. HP: 25/42 MP: 4/4
  2470 | D:4      | Noticed a phantom
  2483 | D:4      | Killed a phantom
  2484 | D:4      | Reached skill level 8 in Ranged Weapons
  2484 | D:4      | Reached XP level 6. HP: 48/50 MP: 5/5
  2539 | D:4      | Noticed Eustachio
  2566 | D:4      | Killed Eustachio
  2577 | D:4      | Reached XP level 7. HP: 38/59 MP: 6/6
  3076 | D:4      | Reached skill level 5 in Fighting
  3433 | D:5      | Entered Level 5 of the Dungeon
  3470 | D:5      | Noticed Ijyb
  3477 | D:5      | HP: 1/59 [orc wizard/magic dart (7)]
  3478 | D:5      | Mangled by an orc

Illustrated notes

Levels and vault maps discovered:
D:1:      kilobyte_arrival_exit_the_forest, layout_rooms,
          hellmonk_ecumenical_altar_blasted, grunt_decor_clamped
D:2:      layout_loops_cross, basic_altar, minmay_pentomino_pile
D:3:      layout_basic
D:4:      layout_gridville, minivault_25, uniq_eustachio
D:5:      layout_cave_pools, lightli_sewer_entry_pipes, uniq_ijyb

Skill      XL: |  1  2  3  4  5  6  7 |
---------------+----------------------+-----
Ranged Weapons | 5 6 7 8 |  8.0
Fighting       | 4 5 |  5.2
Armour         | 3 4 |  4.3
Dodging        | |  2.2
Stealth        | |  0.8

Action                     |  1- 3 |  4- 6 |  7- 9 || total
---------------------------+-------+-------+-------++-------
  Melee: Dagger            |    18 |    52 |    31 ||   101
         Headbutt          |     2 |    11 |     3 ||    16
         Punch             |       |     1 |     1 ||     2
   Fire: Shortbow          |   117 |   131 |    55 ||   303
    Use: Scroll            |       |       |     6 ||     6
         Potion            |       |       |     2 ||     2
 Armour: Leather armour    |     4 |       |       ||     4
         Scale mail        |    19 |    62 |    49 ||   130
  Dodge: Dodged            |    48 |    78 |    53 ||   179

Table legend: (Time is in decaauts)
 A = Elapsed time spent in this place.
 B = Non-inter-level travel time spent in this place.
 C = Inter-level travel time spent in this place.
 D = Time resting spent in this place.
 E = Time spent auto-exploring this place.
 F = Levels seen in this place.
 G = Mean time per level.
                   A        B        C        D        E       F      G
               +--------+--------+--------+--------+--------+-----+--------+
         Total |   3552 |   3367 |    185 |    250 |   2394 |   5 |  710.4 |
       Dungeon |   3552 |   3367 |    185 |    250 |   2394 |   5 |  710.4 |
               +--------+--------+--------+--------+--------+-----+--------+

Top non-repeatable levels by time:
     D:4: 1136 daAuts
     D:2: 930 daAuts
     D:1: 807 daAuts
     D:3: 631 daAuts
     D:5: 47 daAuts
